 Dungeon Crawl Stone Soup version 0.25-a0-100-g33052ceff8 (console) character file.

Game seed: 10053745304278388351, levelgen mode: deterministic

142 Kagalorn the Fighter (level 5, -1/54 HPs)
             Began as a Gnoll Wanderer on Nov 15, 2019.
             Slain by Purgy (2 damage)
             ... in a sewer.
             The game lasted 00:08:31 (1827 turns).

Kagalorn the Fighter (Gnoll Wanderer)               Turns: 1827, Time: 00:08:31

Health: -1/54      AC:  6    Str: 14    XL:     5   Next: 24%
Magic:  7/7        EV:  9    Int: 13    God:
Gold:   125        SH:  0    Dex: 17    Spells: 6/6 levels left

rFire    . . .     SeeInvis .     - Unarmed
rCold    . . .     Gourm    .   (no shield)
rNeg     . . .     Faith    .   p - +0 scale mail
rPois    .         Spirit   .   (no helmet)
rElec    .         Reflect  .   (no cloak)
rCorr    .         Harm     .   (no gloves)
MR       .....                  (no boots)
Stlth    +.........             (no amulet)
HPRegen  0.18/turn              (no ring)
MPRegen  0.10/turn              (no ring)

@: no status effects
A: distributed training, fangs 1, strong nose
a: no special abilities


You were in a sewer.
You were very hungry.

You visited 1 branch of the dungeon, and saw 3 of its levels.
You also visited: Sewer.

You collected 125 gold pieces.

Inventory:

Hand Weapons
 a - a +0 dagger
Missiles
 j - 28 bolts
 l - 44 stones
 m - a poisoned dart (quivered)
 q - 25 arrows
Armour
 p - a +0 scale mail (worn)
Scrolls
 b - a scroll of fear
 d - a scroll of teleportation
 h - 2 scrolls of amnesia {unknown}
 i - a scroll of enchant armour {unknown}
 k - 3 scrolls of identify {unknown}
 n - a scroll of magic mapping {unknown}
 o - 2 scrolls of fog {unknown}
 r - a scroll of remove curse {unknown}
Potions
 c - a potion of agility
 e - a potion of flight {unknown}
 g - 2 potions of curing {unknown}
Comestibles
 f - 6 rations


   Skills:
 + Level 10.4 Fighting
 + Level 1.4 Short Blades
 + Level 1.4 Long Blades
 + Level 1.4 Axes
 + Level 1.4 Maces & Flails
 + Level 1.4 Polearms
 + Level 1.4 Staves
 + Level 1.4 Slings
 + Level 1.4 Bows
 + Level 1.4 Crossbows
 + Level 1.4 Throwing
 + Level 2.9 Armour
 + Level 1.4 Dodging
 + Level 1.4 Stealth
 + Level 4.7 Shields
 + Level 4.7 Unarmed Combat
 + Level 1.4 Spellcasting
 + Level 1.1 Conjurations
 + Level 1.1 Hexes
 + Level 1.1 Charms
 + Level 1.1 Summonings
 + Level 1.1 Necromancy
 + Level 1.1 Translocations
 + Level 1.1 Transmutations
 + Level 1.1 Fire Magic
 + Level 1.1 Ice Magic
 + Level 1.1 Air Magic
 + Level 1.1 Earth Magic
 + Level 1.1 Poison Magic
 + Level 1.5 Invocations
 + Level 1.4 Evocations


You had 6 spell levels left.
You didn't know any spells.
Your spell library was empty.

Dungeon Overview and Level Annotations

Branches:
Dungeon (3/15)              Sewer (1/1)

Altars:
Fedhas
Hepliaklqana
Qazlal
Sif Muna
Uskayaw
Wu Jian

Annotations:
Sewer Purgy


Innate Abilities, Weirdness & Mutations

Your experience applies equally to all skills.
You have very sharp teeth.
Your uncanny sense of smell can sniff out nearby items.


Message History

Purgy barely misses you. Purgy claws you but does no damage. x2
You punch Purgy!
Purgy is moderately wounded.
Purgy bites you but does no damage. Purgy closely misses you.
Purgy claws you but does no damage.
You closely miss Purgy.
Purgy is moderately wounded.
Purgy misses you. x2; Purgy barely misses you.
Press: ? - help, v - describe, . - travel
Here: Purgy (moderately wounded)
The floor, spattered with blood.
You closely miss Purgy.
Purgy is moderately wounded.
Purgy bites you.
* * * LOW HITPOINT WARNING * * *
Purgy barely misses you. Purgy claws you but does no damage.
You closely miss Purgy. You punch Purgy! You bite Purgy, but do no damage.
Purgy is heavily wounded.
Purgy bites you.
You die...

#.≈≈≈.#
##.≈≈≈.#
∆.'.≈≈K.+ ∆
#.≈≈≈.#
#.≈≈≈.# ∆
+.≈≈≈.+
#.≈≈≈.#
####.≈≈≈(####
#∩....∩..(T@#
####.≈≈≈(####
#.≈≈≈.#
+.≈≈≈.+ ∆
#.≈≈≈.#
#.≈≈≈.# ∆
+.≈≈≈.+
#.≈≈T.#


You could see Purgy.

Vanquished Creatures
  Terence (D:2)
  A gnoll (D:1)
  3 adders
  A dart slug (D:2)
  A leopard gecko (D:2)
  5 giant cockroaches
  7 goblins
  10 hobgoblins
  6 jackals
  A quokka (D:3)
  2 ball pythons (D:1)
  7 bats
  3 frilled lizards
  12 kobolds
  17 rats
77 creatures vanquished.

Notes
Turn   | Place    | Note
-------+----------+-------------------------------------------
     0 | D:1      | Reached skill level 10 in Fighting
     0 | D:1      | Kagalorn the Gnoll Wanderer began the quest for the Orb.
     0 | D:1      | Kagalorn set off with the following items: a +0 dagger, a
                  | scroll of fear, a +0 ring mail, a scroll of teleportation,
                  | a scroll of blinking, a ration
     0 | D:1      | Reached XP level 1. HP: 28/28 MP: 1/1
   134 | D:1      | Reached XP level 2. HP: 33/36 MP: 2/2
   168 | D:1      | Reached XP level 3. HP: 37/42 MP: 3/3
   474 | D:1      | Reached skill level 1 in Invocations
   636 | D:2      | Noticed Terence
   663 | D:2      | Killed Terence
   663 | D:2      | Reached skill level 1 in Short Blades
   663 | D:2      | Reached skill level 1 in Long Blades
   663 | D:2      | Reached skill level 1 in Axes
   663 | D:2      | Reached skill level 1 in Maces & Flails
   663 | D:2      | Reached skill level 1 in Polearms
   663 | D:2      | Reached skill level 1 in Staves
   663 | D:2      | Reached skill level 1 in Slings
   663 | D:2      | Reached skill level 1 in Bows
   663 | D:2      | Reached skill level 1 in Crossbows
   663 | D:2      | Reached skill level 1 in Throwing
   663 | D:2      | Reached skill level 1 in Dodging
   663 | D:2      | Reached skill level 1 in Stealth
   663 | D:2      | Reached skill level 1 in Spellcasting
   663 | D:2      | Reached skill level 1 in Evocations
   663 | D:2      | Reached XP level 4. HP: 36/48 MP: 5/5
   963 | D:2      | Reached skill level 1 in Conjurations
   963 | D:2      | Reached skill level 1 in Hexes
   963 | D:2      | Reached skill level 1 in Charms
   963 | D:2      | Reached skill level 1 in Summonings
   963 | D:2      | Reached skill level 1 in Necromancy
   963 | D:2      | Reached skill level 1 in Translocations
   963 | D:2      | Reached skill level 1 in Transmutations
   963 | D:2      | Reached skill level 1 in Fire Magic
   963 | D:2      | Reached skill level 1 in Ice Magic
   963 | D:2      | Reached skill level 1 in Air Magic
   963 | D:2      | Reached skill level 1 in Earth Magic
   963 | D:2      | Reached skill level 1 in Poison Magic
  1277 | D:3      | Reached XP level 5. HP: 45/54 MP: 6/6
  1294 | D:3      | Found a stormy altar of Qazlal.
  1294 | D:3      | Found an ornate altar of the Wu Jian Council.
  1298 | D:3      | Found a shimmering blue altar of Sif Muna.
  1298 | D:3      | Found a hide-covered altar of Uskayaw.
  1302 | D:3      | Found a blossoming altar of Fedhas.
  1302 | D:3      | Found a hazy altar of Hepliaklqana.
  1376 | D:3      | Found a glowing drain.
  1416 | Sewer    | Entered a sewer
  1419 | Sewer    | Noticed Purgy
  1465 | Sewer    | HP: 1/54 [Purgy (6)]
  1799 | Sewer    | HP: 2/54 [Purgy (3)]
  1806 | Sewer    | HP: 1/54 [kobold (2)]
  1826 | Sewer    | HP: 1/54 [Purgy (3)]
  1827 | Sewer    | Slain by Purgy

Levels and vault maps discovered:
D:1:      eino_arrival_water_cross, layout_rooms
D:2:      layout_rooms, first_ration, grunt_decor_resistance, uniq_terence
D:3:      layout_rooms, grunt_temple_overflow_holy_war,
          grunt_temple_overflow_open, portal_sewer_entry_a
Sewer:    kennysheep_door_sewer

Skill      XL: |  1  2  3  4 |
---------------+-------------+-----
Fighting       | | 10.4
Invocations    | 1 |  1.5
Short Blades   | 1 |  1.4
Long Blades    | 1 |  1.4
Axes           | 1 |  1.4
Maces & Flails | 1 |  1.4
Polearms       | 1 |  1.4
Staves         | 1 |  1.4
Slings         | 1 |  1.4
Bows           | 1 |  1.4
Crossbows      | 1 |  1.4
Throwing       | 1 |  1.4
Dodging        | 1 |  1.4
Stealth        | 1 |  1.4
Spellcasting   | 1 |  1.4
Evocations     | 1 |  1.4
Conjurations   | 1 |  1.1
Hexes          | 1 |  1.1
Charms         | 1 |  1.1
Summonings     | 1 |  1.1
Necromancy     | 1 |  1.1
Translocations | 1 |  1.1
Transmutations | 1 |  1.1
Fire Magic     | 1 |  1.1
Ice Magic      | 1 |  1.1
Air Magic      | 1 |  1.1
Earth Magic    | 1 |  1.1
Poison Magic   | 1 |  1.1
Armour         | |  2.9
Shields        | |  4.7
Unarmed Combat | |  4.7

Action                   |  1- 3 |  4- 6 || total
-------------------------+-------+-------++-------
Melee: Unarmed           |   107 |   203 ||   310
       Bite              |    12 |    23 ||    35
       Punch             |     2 |     6 ||     8
Throw: Dart              |       |     3 ||     3
  Use: Scroll            |       |     2 ||     2
       Potion            |       |     1 ||     1
  Eat: Chunk             |       |     2 ||     2
Armor: Ring mail         |    38 |    25 ||    63
       Scale mail        |       |   101 ||   101
Dodge: Dodged            |    56 |   144 ||   200

Table legend:
 A = Non-vault XP
 B = Vault XP
 C = Vault XP percentage of total XP
 D = Non-vault monster count
 E = Vault monster count
 F = Vault count percentage of total count
                 A         B        C        D         E       F
            +---------+---------+-------+---------+---------+-------
      Total |     156 |      47 |  23.2 |      69 |       8 |  10.4
            +---------+---------+-------+---------+---------+-------
        D:1 |      57 |       0 |   0.0 |      30 |       0 |   0.0
        D:2 |      62 |      36 |  36.7 |      22 |       1 |   4.3
        D:3 |      37 |       8 |  17.8 |      17 |       5 |  22.7
      Sewer |       0 |       3 | 100.0 |       0 |       2 | 100.0
            +---------+---------+-------+---------+---------+-------
